 Dungeon Crawl Stone Soup version 0.24.1-14-gf8d2b509d9 (console) character file.

Game seed: 10890793801174953259, levelgen mode: deterministic

22 Kagalorn the Ruffian (level 2, 0/24 HPs)
             Began as a Barachi Warper on Aug 12, 2020.
             Succumbed to an adder's poison
             ... on level 3 of the Dungeon.
             The game lasted 00:01:49 (285 turns).

Kagalorn the Ruffian (Barachi Warper)                Turns: 285, Time: 00:01:50

Health: 0/24       AC:  4    Str: 12    XL:     2   Next: 91%
Magic:  5/5        EV: 12    Int: 13    God:
Gold:   14         SH:  0    Dex: 11    Spells: 5/5 levels left

rFire    . . .     SeeInvis .     - Unarmed
rCold    . . .     Gourm    .   (no shield)
rNeg     . . .     Faith    .   a - +0 leather armour
rPois    .         Spirit   .   (no helmet)
rElec    .         Reflect  .   (no cloak)
rCorr    .         Harm     .   g - +0 pair of gloves (curse)
MR       .....                  (no boots)
Stlth    +.........             (no amulet)
HPRegen  0.08/turn              (no ring)
MPRegen  0.09/turn              (no ring)

@: lethally poisoned (0 -> -6), hasted, very quick
A: +LOS, swims, slowness 1, strong legs 1
a: Hop


You were on level 3 of the Dungeon.
You were not hungry.

You visited 1 branch of the dungeon, and saw 3 of its levels.

You collected 14 gold pieces.

Inventory:

Missiles
 d - 5 boomerangs of dispersal (quivered)
Armour
 a - a +0 leather armour (worn)
 g - a cursed +0 pair of gloves (worn)
Magical Staves
 j - an uncursed staff of air {unknown}
Scrolls
 b - a scroll of teleportation {unknown}
 c - a scroll of blinking
 h - a scroll of remove curse {unknown}
Comestibles
 f - a ration


   Skills:
 + Level 3.0 Fighting
 - Level 1.0 Throwing
 - Level 1.2 Armour
 - Level 2.1 Dodging
 * Level 3.3 Unarmed Combat
 - Level 2.1 Spellcasting
   Level 3.2 Translocations


You had 5 spell levels left.
You didn't know any spells.
Your spell library contained the following spells:

 Spells                   Type           Power        Failure   Level  Hunger
 Blink                    Tloc           N/A          12%         2    ###....
 Shroud of Golubria       Chrm/Tloc      #.....       24%         2    ###....
 Gell's Gravitas          Tloc           #.........   24%         3    ####...
 Lesser Beckoning         Tloc           #.........   24%         3    ####...
 Teleport Other           Tloc           #.......     24%         3    ####...
 Passage of Golubria      Tloc           N/A          63%         4    #####..


Dungeon Overview and Level Annotations

Branches:
Dungeon (3/15)

Altars:
Xom


Innate Abilities, Weirdness & Mutations

Shadows flee at your approach. (+LOS)
You can swim through water.
You cover ground slowly.
You can hop short distances.


Message History

You hit the adder.
The adder is severely wounded.
The adder misses you. The goblin closely misses you.
Unknown command.
You barely miss the adder.
The adder is severely wounded.
* * * LOW HITPOINT WARNING * * *
You feel sick. The adder bites you but does no damage.
Unknown command.
You closely miss the adder.
The adder is severely wounded.
The goblin closely misses you. The adder barely misses you.
Unknown command.
You hit the adder.
You kill the adder!
Your Fighting skill increases to level 3!
The goblin hits you but does no damage.
Unknown command.
You closely miss the goblin.
You die...

#####.... .# . #.......#
.# .. #.......# .#...
#.......# #.#...
#.......# .....
.####.......# ...#.. ##
...........# ##......
.....##.g.....####..###..
........@.).....)........
.#########...#......####.
###...#.#### #..##.##
##S....# #......####
#.........####
#..............#
#.##.............


You could see a goblin.

Vanquished Creatures
  An adder (D:3)
  A giant cockroach (D:1)
  2 goblins
  A hobgoblin (D:1)
  4 kobolds
  2 bats (D:1)
  2 rats
13 creatures vanquished.

Notes
Turn   | Place    | Note
-------+----------+-------------------------------------------
     0 | D:1      | Kagalorn the Barachi Warper began the quest for the Orb.
     0 | D:1      | Reached XP level 1. HP: 17/17 MP: 3/3
   140 | D:1      | Reached XP level 2. HP: 23/23 MP: 5/5
   187 | D:2      | Found a shimmering altar of Xom.
   282 | D:3      | HP: 1/23 [poisoned by an adder]
   285 | D:3      | Succumbed to an adder's poison

Levels and vault maps discovered:
D:1:      roderic_dead_forest, layout_basic
D:2:      layout_loops_ring, nicolae_overflow_crystal_walls,
          lemuel_zombie_altar_kikubaaqudgha, serial_bayou_pond_a,
          nrook_mini_vaults
D:3:      kennysheep_goblin_castle, layout_rooms, marbit_many_paths,
          uniq_natasha

Skill      XL: |  1  2 |
---------------+-------+-----
Unarmed Combat | 3 |  3.3
Fighting       | 3 |  3.0
Throwing       | |  1.0
Armour         | |  1.2
Dodging        | |  2.1
Spellcasting   | |  2.1
Translocations | |  3.2

Action                   || total
-------------------------++-------
Melee: Unarmed           ||    53
  Use: Potion            ||     1
Armor: Leather armour    ||    19
Dodge: Dodged            ||    50
